 Dungeon Crawl Stone Soup version 0.31-a0-161-gb58dd9be76 (webtiles) character file.

Game seed: 13662397002165294985

14046 ders the Destroyer (level 12, -1/59 HPs)
             Began as a Gargoyle Earth Elementalist on June 12, 2023.
             Was an Elder of Vehumet.
             Slain by an Executioner (17 damage)
             ... summoned by a dread lich
             ... on level 2 of the Abyss.
             The game lasted 00:16:31 (13819 turns).

ders the Destroyer (Gargoyle Earth Elementalist)   Turns: 13819, Time: 00:16:32

Health: -1/59      AC: 17    Str: 10      XL:     12   Next: 12%
Magic:  16/29      EV: 12    Int: 17 (19) God:    Vehumet [****..]
Gold:   1423       SH:  0    Dex: 13      Spells: 15/29 levels left

rFire   + . .        x - staff of conjuration "Zisiagy" {rElec rN+ Str-4}
rCold   + . .        (no shield)
rNeg    + + .        c - +1 robe {rC+}
rPois   ∞            p - +0 helmet
rElec   +            j - +0 cloak
rCorr   +            (no gloves)
SInv    +            (no boots)
Will    .....        (no amulet)
Stlth   ++           k - ring of Vowourirgh {rF+ rCorr AC+4 Dex+3 SInv}
HPRegen 0.29/turn    v - ring of magical power
MPRegen 0.21/turn

%: no passive effects
@: on berserk cooldown, slowed, unable to drink, very slow
A: sickness immunity, AC +8, negative energy resistance 1, electricity
resistance, torment resistance 1, petrification resistance, [deterioration 2],
[low MP 2], ([teleportitis 2]), [inability to drink after injury 2]
a: Renounce Religion


You were on level 2 of the Abyss.
You worshipped Vehumet.
Vehumet was greatly pleased with you.
You visited 3 branches of the dungeon, and saw 12 of its levels.
You visited the Abyss 1 time.
You also visited: Bailey.

You collected 1462 gold pieces.
You spent 39 gold pieces at shops.

Inventory:

Hand Weapons
 i - a +3 quarterstaff of protection
Armour
 a - a +0 robe
 c - a +1 robe of cold resistance (worn)
 j - a +0 cloak (worn)
 p - a +0 helmet (worn)
Magical Staves
 x - the staff of conjuration "Zisiagy" (weapon) {rElec rN+ Str-4}
   (You acquired it on level 1 of the Abyss)

   [staff of conjuration]

   Base accuracy: +5 Base damage: 5 Base attack delay: 1.2 This weapon's minimum
   attack delay (0.6) is reached at skill level 12.
   Str:       It affects your strength (-4).
   rElec:     It insulates you from electricity.
   rN:        It protects you from negative energy.
   It falls into the 'Staves' category.
   It is a one-handed weapon.
Jewellery
 k - the ring of Vowourirgh (left hand) {rF+ rCorr AC+4 Dex+3 SInv}
   (You acquired it on level 5 of the Dungeon)

   [ring of protection]

   AC:        It affects your AC (+4).
   Dex:       It affects your dexterity (+3).
   rF:        It protects you from fire.
   SInv:      It lets you see invisible.
   rCorr:     It protects you from acid and corrosion.
 m - a ring of positive energy
 o - a +6 ring of strength
 r - an amulet of magic regeneration
 v - a ring of magical power (right hand)
 C - a ring of protection from cold
 D - an amulet of regeneration
Wands
 n - a wand of iceblast (10)
 u - a wand of flame (74)
 y - a wand of polymorph (7)
 E - a wand of quicksilver (4)
 F - a wand of charming (6)
Scrolls
 d - 2 scrolls of fog
 g - a scroll of amnesia
 h - a scroll of vulnerability
 G - a scroll of revelation
Potions
 b - 2 potions of lignification
 e - 7 potions of curing
 f - a potion of ambrosia {unknown}
 l - 5 potions of mutation
 q - 2 potions of degeneration {unknown}
 s - a potion of haste {unknown}
 t - a potion of enlightenment {unknown}
 w - a potion of berserk rage
 z - a potion of resistance {unknown}
 A - a potion of cancellation {unknown}
 H - 2 potions of invisibility {unknown}


   Skills:
 - Level 1.5 Dodging
 - Level 2.1 Stealth
 + Level 9.2 Spellcasting
 * Level 14.7 Conjurations
 - Level 0.7 Transmutations
 + Level 12.1 Earth Magic


You had 15 spell levels left.
You knew the following spells:

 Your Spells              Type           Power      Damage    Failure   Level
a - Fireball              Conj/Fire      24%        3d11      3%          5
b - Stone Arrow           Conj/Erth      100%       3d13      1%          3
c - Iskenderun's Battles  Conj           72%        2d12      1%          5
d - Sandblast             Erth           98%        2d20      1%          1

Your spell library contained the following spells:

 Spells                   Type           Power      Damage    Failure   Level
 Dazzling Flash           Conj/Hex       98%        N/A       1%          3
 Passwall                 Tmut/Erth      24%        N/A       1%          2
 Static Discharge         Conj/Air       98%        2-7/arc   1%          2
 Leda's Unmaking          Conj/Erth      34%        9d6       1%          6
 Orb of Destruction       Conj           36%        9d11      5%          7
 Petrify                  Tmut/Erth      29%        N/A       7%          4
 Slow                     Hex            28%        N/A       10%         1
 Conjure Ball Lightning   Conj/Air       24%        3x3d7     17%         6
 Airstrike                Air            3%         2d(1-17)  24%         4
 Confusing Touch          Hex            7%         N/A       28%         3
 Vampiric Draining        Necr           7%         2d6       28%         3
 Spellforged Servitor     Conj/Summ      24%        N/A       65%         7
 Summon Lightning Spire   Summ/Air       7%         N/A       67%         4


Dungeon Overview and Level Annotations

Branches:
Dungeon (9/15)             Temple (1/1) D:6            Lair (2/5) D:9
  Swamp (0/4) Lair:2       Bailey (visited)
  Snake: Lair:2-3    Spider: Lair:2-3       Orc: D:9-12

Altars:
Ashenzari
Cheibriados
Dithmenos
Elyvilon
Fedhas
Gozag
Hepliaklqana
Kikubaaqudgha
Makhleb
Nemelex Xobeh
Okawaru
Qazlal
Ru
Sif Muna
Trog
Uskayaw
Vehumet
Wu Jian
Xom
Yredelemnul
Zin
The Shining One

Shops:
D:1 (   D:6 *   D:8 [((

Annotations:
Lair:2 Sonja


Innate Abilities, Weirdness & Mutations

You are immune to sickness and miasma.
Your stone body is resilient. (AC +8)
You are immune to poison.
You resist negative energy. (rN+)
You are resistant to electric shocks. (rElec)
You are resistant to unholy torment.
You are immune to petrification.
[Your body often deteriorates upon taking damage.]
[Your magical capacity is very low. (-20% MP)]
[((You are often teleported next to monsters.))]
[You sometimes lose the ability to drink potions when taking damage.]


Message History

You are no longer berserk.
You are exhausted.
You feel yourself slow down.
The necromancer casts a spell.
The necromancer binds the souls of nearby monsters.
The necromancer gestures at you while chanting.
Your body is wracked with pain!
Your body deteriorates!
You feel dopey.
The wretched star glows turbulently.
The lance of force misses you.
The wretched star pulses with an eldritch light!
You occasionally lose the ability to drink potions when taking damage.
You lose the ability to drink potions when taking damage more often.
You feel less energetic. x2
The wretched star glows turbulently.
The lance of force hits you!
You feel threatened and lose the ability to drink potions!
You are knocked back by the lance of force.
You slam into the stone wall!
* * * LOW HITPOINT WARNING * * *
You cannot drink potions in your current state!
Okay, then.
You cannot drink potions in your current state!
As you read the scroll of fog, it crumbles to dust.
The scroll dissolves into smoke.
There's no open space to fill with poison.
A dread lich comes into view.
The dread lich mumbles some strange words.
The air fills with toxic fumes!
As you read the scroll of poison, it crumbles to dust.
You can drink potions again.
The necromancer misses you.
The dread lich mumbles some strange words.
The dread lich seems to speed up.
The necromancer hits you but does no damage.
The Executioner gestures.
The Executioner seems to speed up.
The Executioner hits you!
You feel threatened and lose the ability to drink potions!
You die...

## §§# § #§
###§##§§#§ §#
.§§.§#§§§§ §§
..§§.§§§§# §
..#§#§§§#§# #
#..#§#§#§§#§#L.#
.
#...#§§§#§§§.§#
...#....#§§@1# #
###.#...
#§#p##§#
..........###*§#
.......§###p§#§#
## ....p.§§#§§§#
#......# ###§#§#
.......##.#.# #
## . .*#...###.
#.#..........# #


You could see a dread lich (fast), a wretched star, an Executioner (summoned,
fast) and a necromancer.

Vanquished Creatures
  A fire dragon (D:9)
  A hydra (D:7)
  A boulder beetle (D:9)
  A glowing orange brain (Abyss:2)
  An orc knight (Bailey)
  A will-o-the-wisp (Lair:2)
  A black mamba (Lair:1)
  4 elephants (Lair:1)
  A rime drake (D:9)
  An efreet (D:9)
  A komodo dragon (Lair:1)
  The ghost of NateTC the Chopper, an amateur DsFi (D:5)
  A slime creature (D:9)
  Sigmund (D:3)
  6 yaks
  A vampire (D:9)
  A wyvern (D:8)
  A basilisk (Lair:1)
  Duvessa (D:6)
  7 water moccasins
  6 ice beasts
  16 orc warriors
  A black bear (D:6)
  10 wolves
  3 ogres
  A boggart (D:9)
  4 centaurs
  A phantom (D:5)
  A kobold brigand (D:9)
  4 bullfrogs
  A gnoll sergeant (D:8)
  3 scorpions
  5 wights (D:8)
  Dowan (D:6)
  3 electric eels (Bailey)
  2 howler monkeys
  Crazy Yiuf (D:3)
  5 hounds
  3 orc priests
  2 gnoll boudas
  7 iguanas
  6 hell rats (Lair:1)
  4 orc wizards
  A sleepcap (D:5)
  19 gnolls
  4 adders
  A shadow imp (D:5)
  A white imp (D:8)
  3 ufetubi
  2 worms
  5 dart slugs
  27 orcs
  10 bats
  5 endoplasms
  A giant cockroach (D:4)
  16 goblins
  11 hobgoblins
  3 jackals (D:1)
  3 quokkas
  5 ball pythons
  4 frilled lizards
  18 kobolds
  2 rats
265 creatures vanquished.

Vanquished Creatures (others)
  2 foxfires (Lair:2)
2 creatures vanquished.

Grand Total: 267 creatures vanquished

Notes
Turn   | Place    | Note
-------+----------+-------------------------------------------
     0 | D:1      | ders the Gargoyle Earth Elementalist began the quest for
                  | the Orb.
     0 | D:1      | Reached XP level 1. HP: 10/10 MP: 3/3
   123 | D:1      | Reached skill level 1 in Conjurations
   123 | D:1      | Reached XP level 2. HP: 11/15 MP: 0/5
   658 | D:1      | Found Zofeq's Antique Weapon Shop.
   668 | D:1      | Reached XP level 3. HP: 13/19 MP: 0/6
   675 | D:1      | Reached skill level 2 in Conjurations
  1482 | D:2      | Found a faded altar of an unknown god.
  1489 | D:2      | Got Plato's Omnibus of the Wyrd
  1925 | D:3      | Reached XP level 4. HP: 24/24 MP: 5/7
  1987 | D:3      | Noticed Sigmund
  1992 | D:3      | Killed Sigmund
  1993 | D:3      | Reached skill level 4 in Conjurations
  1993 | D:3      | Reached XP level 5. HP: 28/28 MP: 3/9
  2177 | D:3      | Found a runed translucent door.
  2178 | D:3      | Noticed Crazy Yiuf
  2280 | D:3      | Killed Crazy Yiuf
  2281 | D:3      | Reached skill level 5 in Earth Magic
  2281 | D:3      | Reached XP level 6. HP: 22/32 MP: 5/10
  2549 | D:3      | Learned a level 3 spell: Stone Arrow
  3298 | D:4      | Reached skill level 5 in Conjurations
  3651 | D:4      | Reached XP level 7. HP: 36/36 MP: 5/12
  4261 | D:5      | Entered Level 5 of the Dungeon
  4486 | D:5      | Found a runed translucent door.
  4486 | D:5      | Noticed NateTC's ghost (amateur DsFi)
  4544 | D:5      | Reached skill level 6 in Conjurations
  5007 | D:5      | Reached XP level 8. HP: 24/41 MP: 0/14
  5315 | D:5      | Found a shimmering blue altar of Sif Muna.
  5415 | D:5      | Found a broken altar of Ashenzari.
  5415 | D:5      | Found a hide-covered altar of Uskayaw.
  5416 | D:5      | Found a white marble altar of Elyvilon.
  5766 | D:5      | Identified a scroll of acquirement
  5766 | D:5      | Acquired the ring of Vowourirgh {rF+ rCorr AC+4 Dex+3 SInv}
  5901 | D:6      | Reached skill level 7 in Conjurations
  6116 | D:6      | Found a staircase to the Ecumenical Temple.
  6129 | Temple   | Entered the Ecumenical Temple
  6242 | Temple   | Became a worshipper of Vehumet
  6276 | D:6      | Noticed a rust devil
  6446 | D:6      | Noticed Duvessa
  6446 | D:6      | Noticed Dowan
  6449 | D:6      | Killed Duvessa
  6450 | D:6      | Reached skill level 5 in Spellcasting
  6458 | D:6      | Killed Dowan
  6565 | D:6      | Found Ybues's General Store.
  6573 | D:6      | Bought a potion of curing for 39 gold pieces
  6607 | D:6      | Reached skill level 8 in Conjurations
  6820 | D:6      | Reached XP level 9. HP: 45/45 MP: 16/17
  7027 | D:5      | Killed NateTC's ghost
  7028 | D:5      | Reached skill level 9 in Conjurations
  7643 | D:7      | Found a shadowy altar of Dithmenos.
  7756 | D:7      | Noticed a seven-headed hydra
  7757 | D:7      | Noticed a troll
  7794 | D:7      | Acquired 805 gold pieces
  7911 | D:7      | Killed a seven-headed hydra
  7912 | D:7      | Reached skill level 10 in Conjurations
  8033 | D:7      | Found the +1 robe of Vines {NoPotionHeal Regen++++}
  8316 | D:8      | Reached XP level 10. HP: 40/50 MP: 2/19
  8410 | D:8      | Reached * piety under Vehumet
  8410 | D:8      | Offered knowledge of Magic Dart by Vehumet.
  8783 | D:8      | Found Ucestrysh's Antique Weapon Shop.
  8785 | D:8      | Found Paysod's Antique Weapon Shoppe.
  8797 | D:8      | Found Jabof's Antique Armour Emporium.
  9116 | D:8      | Reached skill level 11 in Conjurations
  9369 | D:8      | Found an iron altar of Okawaru.
  9745 | D:9      | Found a flagged portal.
  9760 | Bailey   | Entered a bailey
  9965 | Bailey   | Learned a level 5 spell: Iskenderun's Battlesphere
  9974 | Bailey   | Reached ** piety under Vehumet
  9974 | Bailey   | Offered knowledge of Kiss of Death by Vehumet.
 10315 | Bailey   | Reached skill level 10 in Earth Magic
 10489 | Bailey   | Reached skill level 12 in Conjurations
 10811 | Bailey   | Noticed an orc knight
 10820 | Bailey   | Killed an orc knight
 10821 | Bailey   | Reached XP level 11. HP: 33/54 MP: 16/22
 10978 | Bailey   | Found an iron altar of Okawaru.
 10980 | Bailey   | Noticed an orc high priest
 10985 | Bailey   | Noticed a soul eater
 11112 | D:9      | Offered knowledge of Scorch by Vehumet.
 11166 | D:9      | Identified the staff of cold "Misir" {rF- rC+ rCorr Int+3}
 11223 | D:9      | Noticed a fire dragon
 11232 | D:9      | Killed a fire dragon
 11233 | D:9      | Reached skill level 13 in Conjurations
 11425 | D:9      | Reached *** piety under Vehumet
 11571 | D:9      | Found a staircase to the Lair.
 11659 | D:9      | Noticed a boulder beetle
 11664 | D:9      | Killed a boulder beetle
 12267 | Lair:1   | Entered Level 1 of the Lair of Beasts
 12374 | Lair:1   | Offered knowledge of Dazzling Flash by Vehumet.
 12728 | Lair:1   | Reached skill level 14 in Conjurations
 13190 | Lair:1   | Learned a level 5 spell: Fireball
 13262 | Lair:2   | Noticed a will-o-the-wisp
 13262 | Lair:2   | Found a staircase to the Swamp.
 13353 | Lair:2   | Killed a will-o-the-wisp
 13354 | Lair:2   | Reached XP level 12. HP: 48/59 MP: 22/25
 13397 | Lair:2   | Reached **** piety under Vehumet
 13443 | Lair:2   | Noticed Sonja
 13683 | Abyss:1  | Cast into level 1 of the Abyss (Sonja)
 13684 | Abyss:1  | Acquired the staff of conjuration "Zisiagy" {rElec rN+
                  | Str-4}
 13722 | Abyss:2  | Found a corrupted altar of Lugonu.
 13796 | Abyss:2  | Noticed a wretched star
 13817 | Abyss:2  | Noticed a dread lich
 13818 | Abyss:2  | Noticed an Executioner
 13819 | Abyss:2  | Slain by an Executioner

Illustrated notes

Levels and vault maps discovered:
D:1:      sevenhm_arrival_forest_fort_small_4, layout_basic, serial_shops, shop
D:2:      layout_basic, shapermc_ecumenical_altar_rom_forum
D:3:      minmay_recursive_quarters, layout_basic, kennysheep_nub,
          minmay_misc_feat_encased, amethyst_killhole, uniq_sigmund,
          uniq_crazy_yiuf_cottage
D:4:      layout_loops_corners
D:5:      layout_basic, lemuel_doored_altar,
          gammafunk_temple_overflow_forgotten, gammafunk_ghost_grave
D:6:      layout_basic, temple_garden, serial_shops, shop,
          minmay_fractal_squares_5, uniq_duvessa
D:7:      layout_cave_pools, grunt_dithmenos_smoke,
          chequers_serial_rivers_micro_d, hellmonk_guarded_unrand_vines
D:8:      layout_loops_ring, mainiacjoe_overflow_surrounded_room,
          nrook_loot_triangle, nicolae_wooded_promenade, minmay_misc_feat_doors
D:9:      minmay_bloctagon_deflated, layout_cave_pods, hellmonk_lair_entry_icy,
          enter_bailey_5, minivault_25, minivault_5, nzn_sisyphean_effort
Temple:   nicolae_temple_superstar
Lair:1:   wander_river, layout_chaotic_city
Lair:2:   layout_small_grid, minmay_swamp_entry_wisps, uniq_amaemon, uniq_sonja
Abyss:2:  base: D:1, spicy_abyss_unhelpful_harpoons,
          spicy_abyss_unhelpful_harpoons

Skill      XL: |  1  2  3  4  5  6  7  8  9 10 11 12 |
---------------+-------------------------------------+-----
Conjurations   | 1 2 4 5 6 8 10 12 14 | 14.7
Earth Magic    | 4 5 6 7 9 10 11 12 | 12.1
Spellcasting   | 3 4 5 6 7 9 |  9.2
Dodging        | |  1.5
Stealth        | |  2.1
Transmutations | |  0.7

Action                     |  1- 3 |  4- 6 |  7- 9 | 10-12 || total
---------------------------+-------+-------+-------+-------++-------
  Melee: Unarmed           |     2 |       |       |       ||     2
         Quarterstaff      |       |       |     5 |     1 ||     6
   Cast: Sandblast         |    57 |    65 |    47 |    77 ||   246
         Stone Arrow       |       |     3 |    92 |   168 ||   263
         Iskenderun's Batt |       |       |       |    24 ||    24
         Fireball          |       |       |       |    16 ||    16
    Use: Potion            |     2 |       |     1 |     2 ||     5
         Scroll            |       |       |    16 |     7 ||    23
 Armour: Robe              |    21 |    11 |    49 |    90 ||   171
  Dodge: Dodged            |    35 |    28 |    61 |   101 ||   225

Table legend: (Time is in decaauts)
 A = Elapsed time spent in this place.
 B = Non-inter-level travel time spent in this place.
 C = Inter-level travel time spent in this place.
 D = Time resting spent in this place.
 E = Time spent auto-exploring this place.
 F = Levels seen in this place.
 G = Mean time per level.
                   A        B        C        D        E       F      G
               +--------+--------+--------+--------+--------+-----+--------+
         Total |  13951 |  13308 |    643 |   2425 |   9265 |  15 |  930.1 |
       Dungeon |  11001 |  10422 |    579 |   1368 |   7916 |   9 | 1222.3 |
        Temple |    131 |     90 |     41 |      0 |     73 |   1 |  131.0 |
          Lair |   1434 |   1411 |     23 |    544 |    714 |   2 |  717.0 |
         Abyss |    138 |    138 |      0 |      0 |      0 |   2 |   69.0 |
        Bailey |   1245 |   1245 |      0 |    513 |    561 |   1 | 1245.0 |
               +--------+--------+--------+--------+--------+-----+--------+

Top non-repeatable levels by time:
     D:5: 1911 daAuts
     D:9: 1523 daAuts
     D:3: 1361 daAuts
  Lair:1: 1323 daAuts
     D:8: 1257 daAuts
  Bailey: 1245 daAuts
     D:6: 1214 daAuts
     D:4: 1047 daAuts
     D:1: 1018 daAuts
     D:2: 899 daAuts
     D:7: 768 daAuts
  Temple: 131 daAuts
  Lair:2: 110 daAuts
 Abyss:2: 99 daAuts
 Abyss:1: 38 daAuts
